 Dungeon Crawl Stone Soup version 0.27-a0-242-ge0fc76b88b (webtiles) character file.

Game seed: 3319426954075390126

488 Borgoz the Skirmisher (level 7, -5/61 HPs)
             Began as a Ghoul Gladiator on Feb 2, 2021.
             Slain by an orc warrior
             ... wielding a +0 scimitar
              (23 damage)
             ... on level 6 of the Dungeon.
             The game lasted 00:05:14 (3748 turns).

Borgoz the Skirmisher (Ghoul Gladiator)             Turns: 3748, Time: 00:05:15

Health: -5/61      AC: 10    Str: 18    XL:     7   Next: 13%
Magic:  6/6        EV: 17    Int:  3    God:
Gold:   209        SH:  0    Dex: 12    Spells: 6/6 levels left

rFire    + . .     SeeInvis .   b - +3 dagger
rCold    + + .     Faith    .   (no shield)
rNeg     + + +     Spirit   .   n - +0 leather armour
rPois    ∞         Reflect  .   c - +0 helmet
rElec    .         Harm     .   e - scarf {rC+ rF+}
rCorr    .         Rampage  .   r - +1 pair of gloves
Will     .....                  (no boots)
Stlth    +.........             (no amulet)
HPRegen  0.00/turn              i - +4 ring of protection
MPRegen  0.10/turn              q - +4 ring of evasion

@: mighty, very slightly contaminated, invisible
A: claws 1, cold resistance 1, negative energy resistance 3, inhibited
regeneration, torment resistance, unbreathing
a: no special abilities


You were on level 6 of the Dungeon.
You visited 1 branch of the dungeon, and saw 5 of its levels.

You collected 209 gold pieces.

Inventory:

Hand Weapons
 a - a +0 long sword
 b - a +3 dagger (weapon)
Missiles
 d - a throwing net (quivered)
Armour
 c - a +0 helmet (worn)
 e - a scarf of resistance (worn)
 g - a +0 buckler
 n - a +0 leather armour (worn)
 r - a +1 pair of gloves (worn)
Jewellery
 i - a +4 ring of protection (left hand)
 q - a +4 ring of evasion (right hand)
Wands
 o - a wand of iceblast (12)
Scrolls
 j - 2 scrolls of remove curse
Potions
 k - a potion of invisibility
 l - a potion of heal wounds
 m - 2 potions of berserk rage {unknown}
 p - a potion of flight {unknown}
 s - a potion of cancellation {unknown}


   Skills:
 + Level 5.0 Fighting
 + Level 4.6 Long Blades
 - Level 1.7 Throwing
 + Level 4.6 Dodging


You had 6 spell levels left.
You didn't know any spells.
Your spell library was empty.

Dungeon Overview and Level Annotations

Branches:
Dungeon (4/15)
 Temple: D:4-7

Altars:
Hepliaklqana
Nemelex Xobeh

Shops:
D:4 [?


Innate Abilities, Weirdness & Mutations

You thrive by killing the living.
You are immune to poison.
You have sharp fingernails.
Your flesh is cold resistant. (rC+)
You are immune to negative energy. (rN+++)
You do not regenerate when monsters are visible.
You are immune to unholy pain and torment.
You can survive without breathing.


Message History

The orc wizard casts a spell at itself.
The orc wizard flickers and vanishes!
Deactivating autopickup; reactivate with Ctrl-A.
You fade into invisibility!
The orc warrior completely misses you.
You are very lightly contaminated with residual magic.
You feel very mighty all of a sudden. The orc warrior closely misses you.
You closely miss the orc warrior.
The orc warrior is lightly wounded.
The orc warrior misses you.
You closely miss the orc warrior.
The orc warrior is lightly wounded.
You hit the orc warrior.
The orc warrior is moderately wounded.
The orc warrior completely misses you.
You puncture the orc warrior!
The orc warrior is severely wounded.
The orc warrior hits you with a +0 scimitar!!
You die...

#################
#oo@............#
#.#############.#
#..o..# #.#
#o..#.# #.# #o#'#
#.# #.... #.#
#.#..... #.#
#.#.. ... #.#
#.#....... #.#


You could see an orc warrior and an orc.

Vanquished Creatures
  The ghost of kae the Ruffian, a weakling DrTm (D:3)
  A centaur zombie (D:3)
  5 hounds
  An orc priest (D:3)
  A worker ant (D:4)
  An iguana (D:4)
  A hound skeleton (D:3)
  Robin (D:2)
  6 adders
  4 worms
  2 dart slugs
  A leopard gecko (D:1)
  3 orcs
  11 bats
  2 giant cockroaches (D:1)
  13 goblins
  10 hobgoblins
  12 jackals
  6 kobolds
  2 frilled lizards
  3 rats (D:2)
87 creatures vanquished.

Notes
Turn   | Place    | Note
-------+----------+-------------------------------------------
     0 | D:1      | Borgoz the Ghoul Gladiator began the quest for the Orb.
     0 | D:1      | Reached XP level 1. HP: 17/17 MP: 0/0
    42 | D:1      | Reached XP level 2. HP: 21/25 MP: 1/1
   431 | D:1      | Reached XP level 3. HP: 29/30 MP: 2/2
   869 | D:2      | Reached skill level 3 in Fighting
   914 | D:2      | Noticed Robin
  1127 | D:1      | Reached XP level 4. HP: 19/38 MP: 3/3
  1294 | D:2      | Killed Robin
  1453 | D:2      | Found a hazy altar of Hepliaklqana.
  1755 | D:2      | Found a sparkling altar of Nemelex Xobeh.
  1936 | D:2      | Reached XP level 5. HP: 45/45 MP: 4/4
  2424 | D:3      | Found a transporter.
  2424 | D:3      | Noticed kae's ghost (weakling DrTm)
  2456 | D:3      | Found a transporter.
  2888 | D:3      | Killed kae's ghost
  2889 | D:3      | Reached skill level 4 in Fighting
  2889 | D:3      | Reached XP level 6. HP: 32/52 MP: 5/5
  3199 | D:4      | Found Humoniw's Magic Scroll Shop.
  3477 | D:4      | Reached XP level 7. HP: 60/60 MP: 6/6
  3490 | D:4      | Found Icsuqauf's Antique Armour Emporium.
  3629 | D:4      | You fall into a shaft and drop 2 floors!
  3717 | D:6      | Reached skill level 5 in Fighting
  3748 | D:6      | Slain by an orc warrior

Illustrated notes

Levels and vault maps discovered:
D:1:      dpeg_arrival_stonehenge_8_columns, layout_loops_ring,
          minmay_strange_pillars, st_stairs_6
D:2:      layout_rooms, old_standard_altar, lemuel_round_altar, kennysheep_nub,
          uniq_robin
D:3:      layout_basic, gammafunk_ghost_mausoleum, st_stairs_4
D:4:      layout_basic, serial_shops, shop_coins, nicolae_shop_waterfront,
          nicolae_shop_statue_plus, shop, grunt_ministairs_1
D:6:      layout_basic, gammafunk_temple_overflow_wave,
          chequers_serial_rivers_large_a

Skill      XL: |  1  2  3  4  5  6  7 |
---------------+----------------------+-----
Dodging        | 3 4 |  4.6
Long Blades    | 3 4 |  4.6
Fighting       | 3 4 5 |  5.0
Throwing       | |  1.7

Action                   |  1- 3 |  4- 6 |  7- 9 || total
-------------------------+-------+-------+-------++-------
Melee: Long sword        |    97 |    13 |       ||   110
       Dagger            |       |   291 |    56 ||   347
Throw: Throwing net      |       |       |     2 ||     2
  Use: Potion            |     1 |       |     5 ||     6
       Scroll            |       |     7 |       ||     7
 Stab: Held in net/web   |       |       |     1 ||     1
Armor: Leather armour    |    61 |   120 |    17 ||   198
Dodge: Dodged            |   143 |   282 |    40 ||   465
       Rpst.: Long sword |    41 |     4 |       ||    45

Table legend: (Time is in decaauts)
 A = Elapsed time spent in this place.
 B = Non-inter-level travel time spent in this place.
 C = Inter-level travel time spent in this place.
 D = Time resting spent in this place.
 E = Time spent auto-exploring this place.
 F = Levels seen in this place.
 G = Mean time per level.
                   A        B        C        D        E       F      G
               +--------+--------+--------+--------+--------+-----+--------+
         Total |   3734 |   3524 |    210 |    778 |   1964 |   5 |  746.8 |
       Dungeon |   3734 |   3524 |    210 |    778 |   1964 |   5 |  746.8 |
               +--------+--------+--------+--------+--------+-----+--------+

Top non-repeatable levels by time:
     D:1: 1149 daAuts
     D:3: 1044 daAuts
     D:2: 927 daAuts
     D:4: 501 daAuts
     D:6: 112 daAuts
